 Dungeon Crawl Stone Soup version 0.27.1-2-g3b301248ec (webtiles) character file.

Game seed: 5690344841138873394

273 4FPSwarrior the Stinger (level 6, -2/41 HPs)
             Began as a Demonspawn Venom Mage on Sept 30, 2021.
             Slain by a kobold brigand (6 damage)
             ... in a sewer.
             The game lasted 00:18:45 (5080 turns).

4FPSwarrior the Stinger (Demonspawn Venom Mage)     Turns: 5080, Time: 00:18:45

Health: -2/41      AC:  3    Str:  7 (9)  XL:     6   Next: 2%
Magic:  8/10       EV: 12    Int: 16 (17) God:
Gold:   180        SH:  0    Dex: 11 (14) Spells: 3/10 levels left

rFire    . . .     SeeInvis .   f - +1 whip
rCold    . . .     Faith    .   (no shield)
rNeg     . . .     Spirit   .   a - +0 robe
rPois    .         Reflect  .   (no helmet)
rElec    .         Harm     .   (no cloak)
rCorr    .         Rampage  .   (no gloves)
Will     .....                  d - +0 pair of boots
Stlth    ++........             m - amulet of the acrobat
HPRegen  0.13/turn              (no ring)
MPRegen  0.12/turn              (no ring)

@: mighty, lethally poisoned (-2 -> -8)
A: powered by pain 2, sturdy frame 1
a: no special abilities


You were in a sewer.
You visited 1 branch of the dungeon, and saw 4 of its levels.
You also visited: Sewer.

You collected 180 gold pieces.

Inventory:

Hand Weapons
 f - a +1 whip (weapon)
Armour
 a - a +0 robe (worn)
 d - a +0 pair of boots (worn)
Magical Staves
 j - a staff of fire
Jewellery
 m - an amulet of the acrobat (around neck)
Wands
 b - a wand of acid (6)
Scrolls
 e - 2 scrolls of enchant weapon
 i - a scroll of summoning {unknown}
 n - a scroll of vulnerability
Potions
 c - 3 potions of haste
 g - a potion of degeneration
 l - 2 potions of magic


   Skills:
 - Level 1.7 Dodging
 - Level 1.7 Stealth
 + Level 2.8 Spellcasting
 + Level 1.1 Conjurations
 * Level 3.2 Necromancy
 + Level 2.1 Transmutations
 + Level 1.1 Air Magic
 * Level 4.3 Poison Magic


You had 3 spell levels left.
You knew the following spells:

 Your Spells              Type           Power      Damage    Failure   Level
a - Sting                 Tmut/Pois      48%        1d5       4%          1
b - Pain                  Necr           48%        1d6       4%          1
c - Poisonous Vapours     Pois/Air       22%        N/A       10%         2
d - Mephitic Cloud        Conj/Pois/Air  9%         N/A       22%         3

Your spell library contained the following spells:

 Spells                   Type           Power      Damage    Failure   Level
 Animate Skeleton         Necr           24%        N/A       4%          1
 Vampiric Draining        Necr           6%         2d6       16%         3
 Slow                     Hex            2%         N/A       28%         2
 Confusing Touch          Hex            2%         N/A       50%         3
 Gell's Gravitas          Tloc           1%         N/A       50%         3
 Lesser Beckoning         Tloc           1%         N/A       50%         3
 Portal Projectile        Hex/Tloc       4%         N/A       50%         3
 Teleport Other           Tloc           2%         N/A       50%         3
 Olgreb's Toxic Radiance  Pois           16%        N/A       30%         4
 Excruciating Wounds      Necr           6%         N/A       80%         5
 Blade Hands              Tmut           4%         N/A       91%         5
 Yara's Violent Unravell  Hex/Tmut       2%         3d3       98%         5


Dungeon Overview and Level Annotations

Branches:
Dungeon (4/15)              Sewer (1/1)
 Temple: D:4-7

Altars:


Innate Abilities, Weirdness & Mutations

You sometimes gain power by taking damage.
Your movements are slightly less encumbered by armour. (ER -2)


Message History

The kobold brigand barely misses you.
Casting: Sting (safe; 4% risk of failure)
Confirm with . or Enter, or press ? or * to list all spells.
Aiming: Sting (safe; 4% risk of failure)
Press: ? - help, Shift-Dir - straight line, f/p - kobold brigand
Aim: a kobold brigand, wielding a +2 vampiric whip and quivering poisoned darts (lightly wounded, very poisoned, 64% to hit)
The sting misses the kobold brigand.
The kobold brigand hits you with a +2 vampiric whip.
Casting: Sting (safe; 4% risk of failure)
Confirm with . or Enter, or press ? or * to list all spells.
Aiming: Sting (safe; 4% risk of failure)
Press: ? - help, Shift-Dir - straight line, f/p - kobold brigand
Aim: a kobold brigand, wielding a +2 vampiric whip and quivering poisoned darts (lightly wounded, very poisoned, 64% to hit)
The sting hits the kobold brigand.
The kobold brigand looks as sick as possible!
The kobold brigand is lightly wounded.
The kobold brigand hits you with a +2 vampiric whip!
The kobold brigand draws strength from your wounds!
The kobold brigand throws a poisoned dart.
The poisoned dart closely misses you.
It was a potion of might.
You feel very mighty all of a sudden.
The kobold brigand throws a poisoned dart.
The poisoned dart hits you!
You are poisoned.
* * * LOW HITPOINT WARNING * * *
You feel very sick.
The kobold brigand completely misses you.
Okay, then.
You whack the kobold brigand!
The kobold brigand is severely wounded.
You feel sick.
The kobold brigand hits you with a +2 vampiric whip.
* * * LOW HITPOINT WARNING * * *
You hit the kobold brigand.
The kobold brigand is severely wounded.
* * * LOW HITPOINT WARNING * * *
You feel sick.
The kobold brigand hits you with a +2 vampiric whip.
You die...

##### ##### ##.≈.##
# ....# #≈....#####
..! #.≈...≈≈≈≈≈ ≈?.
#.....##### #)#
##...## # #.# ##≈##
#K# #≈# #@# #≈#
##.## ##≈## ##...##
##≈..## #
#..≈..####..≈.≈#####
#.....≈≈≈≈.≈≈.≈≈≈≈≈≈
#..≈..####.....#####
##.≈.## ##≈≈.## #
##≈## ##≈## #≈# #≈##


You could see a kobold brigand (very poisoned).

Vanquished Creatures
  A scorpion (D:3)
  A hound skeleton (D:4)
  4 gnolls
  2 adders (D:4)
  5 river rats
  An ufetubus (D:3)
  9 worms
  8 bats
  4 endoplasms
  3 giant cockroaches (D:1)
  6 goblins
  A hobgoblin (D:3)
  12 kobolds
  3 quokkas
  8 ball pythons
  2 frilled lizards (D:3)
  10 rats
80 creatures vanquished.

Vanquished Creatures (others)
  2 fungi (D:1)
  4 toadstools (D:1)
6 creatures vanquished.

Grand Total: 86 creatures vanquished

Notes
Turn   | Place    | Note
-------+----------+-------------------------------------------
     0 | D:1      | 4FPSwarrior the Demonspawn Venom Mage began the quest for
                  | the Orb.
     0 | D:1      | Reached XP level 1. HP: 13/13 MP: 3/3
    84 | D:1      | Reached skill level 1 in Transmutations
   200 | D:1      | Learned a level 1 spell: Pain
   373 | D:1      | Gained mutation: You sometimes gain a little power by
                  | taking damage. [demonic ancestry]
   373 | D:1      | Reached XP level 2. HP: 19/19 MP: 3/5
   630 | D:1      | Reached skill level 1 in Necromancy
   934 | D:1      | Reached XP level 3. HP: 7/24 MP: 2/6
  2534 | D:3      | Noticed a scorpion
  2539 | D:3      | Learned a level 2 spell: Poisonous Vapours
  2583 | D:3      | Gained mutation: You sometimes gain power by taking damage.
                  | [demonic ancestry]
  2583 | D:3      | Reached XP level 4. HP: 29/30 MP: 4/7
  3381 | D:3      | Found a faded altar of an unknown god.
  3561 | D:3      | Learned a level 3 spell: Mephitic Cloud
  3594 | D:3      | Killed a scorpion
  3595 | D:3      | Reached skill level 4 in Poison Magic
  3595 | D:3      | Reached XP level 5. HP: 15/35 MP: 4/8
  4397 | D:4      | Reached skill level 1 in Air Magic
  4406 | D:4      | Reached skill level 1 in Conjurations
  4505 | D:4      | Found a glowing drain.
  4513 | Sewer    | Entered a sewer
  4943 | Sewer    | Gained mutation: Your movements are slightly less
                  | encumbered by armour. (ER -2) [demonic ancestry]
  4943 | Sewer    | Reached XP level 6. HP: 41/41 MP: 4/10
  5080 | Sewer    | Slain by a kobold brigand

Illustrated notes

Levels and vault maps discovered:
D:1:      heliophobic_arrival_enchanted_forest, layout_basic,
          minmay_gold_behind_fungi, minmay_strange_pillars, fountainhead,
          minmay_box_of_dots
D:2:      layout_basic
D:3:      layout_basic, chequers_ecumenical_altar_simple_redux,
          chequers_serial_rivers_small_3, minmay_crystal_room
D:4:      layout_basic, lightli_sewer_entry_pipes, grunt_decor_one_mirror,
          guppyfry_shop_venom
Sewer:    sewer_co_15_rooms

Skill      XL: |  1  2  3  4  5 |
---------------+----------------+-----
Transmutations | 1 2 |  2.1
Necromancy     | 1 2 3 |  3.2
Poison Magic   | 4 |  4.3
Air Magic      | 1 |  1.1
Conjurations   | 1 |  1.1
Dodging        | |  1.7
Stealth        | |  1.7
Spellcasting   | |  2.8

Action                   |  1- 3 |  4- 6 || total
-------------------------+-------+-------++-------
Melee: Whip              |     5 |    57 ||    62
       Staff             |     1 |       ||     1
 Cast: Sting             |    60 |   102 ||   162
       Pain              |     1 |     4 ||     5
       Poisonous Vapours |       |     4 ||     4
Evoke: Wand              |       |     1 ||     1
  Use: Scroll            |     1 |     4 ||     5
       Potion            |       |     4 ||     4
Armor: Robe              |     3 |    15 ||    18
Dodge: Dodged            |    17 |    59 ||    76
